 Dungeon Crawl Stone Soup version 0.31-a0-667-g39726597b9 (webtiles) character file.

Game seed: 10309351118986129939

374 Bravepunisher the Ducker (level 6, -2/32 HPs)
             Began as a Spriggan Monk on Sept 4, 2023.
             Was a Priest of Makhleb.
             Slain by a black bear (7 damage)
             ... on level 5 of the Dungeon.
             The game lasted 00:11:46 (3136 turns).

Bravepunisher the Ducker (Spriggan Monk)            Turns: 3136, Time: 00:11:46

Health: -2/32      AC:  5    Str:  7    XL:     6   Next: 43%
Magic:  9/9        EV: 22    Int: 11    God:    Makhleb [***...]
Gold:   182        SH:  0    Dex: 20    Spells: 5/5 levels left

rFire   . . .        a - +0 short sword
rCold   . . .        d - orb {light}
rNeg    . . .        b - +0 robe
rPois   .            (helmet restricted)
rElec   .            l - +0 cloak
rCorr   .            (gloves unavailable)
SInv    +            (boots unavailable)
Will    +....        j - amulet of the acrobat
Stlth   +            (no ring)
HPRegen 0.25/turn    (no ring)
MPRegen 0.11/turn

%: acrobat
@: glowing, very quick
A: very small, no large weapons, unfitting armour, see invisible, speed 3,
iridescent scales 1, no potion heal 1
a: Renounce Religion, Minor Destruction, Lesser Servant of Makhleb


You were on level 5 of the Dungeon.
You worshipped Makhleb.
Makhleb was most pleased with you.
You visited 2 branches of the dungeon, and saw 7 of its levels.

You collected 182 gold pieces.

Inventory:

Hand Weapons
 a - a +0 short sword (weapon)
Armour
 b - a +0 robe (worn)
 d - an orb of light (worn)
 l - a +0 cloak (worn)
Jewellery
 j - an amulet of the acrobat (around neck)
 x - an amulet of magic regeneration
 z - an amulet of guardian spirit
Wands
 u - a wand of mindburst (11)
Scrolls
 e - 5 scrolls of identify
 f - a scroll of blinking {unknown}
 g - 2 scrolls of vulnerability {unknown}
 i - a scroll of revelation {unknown}
 k - 2 scrolls of amnesia {unknown}
 m - a scroll of enchant weapon {unknown}
 q - 3 scrolls of enchant armour {unknown}
 t - a scroll of teleportation {unknown}
 w - a scroll of fog {unknown}
 y - a scroll of noise {unknown}
Potions
 c - a potion of ambrosia
 h - a potion of degeneration {unknown}
 n - 2 potions of attraction {unknown}
 o - a potion of magic {unknown}
 p - 2 potions of resistance {unknown}
 s - 3 potions of lignification
 v - a potion of heal wounds {unknown}


   Skills:
 + Level 3.4 Fighting
 - Level 3.2 Short Blades
 * Level 7.0 Dodging
 * Level 3.8 Invocations


You had 5 spell levels left.
You didn't know any spells.
Your spell library contained the following spells:

 Spells                   Type           Power      Damage    Failure   Level
 Inner Flame              Hex/Fire       0%         N/A       71%         3
 Stone Arrow              Conj/Erth      0%         3d7       71%         3
 Animate Armour           Summ/Erth      0%         N/A       98%         4
 Flame Wave               Conj/Fire      0%         2d4       98%         4
 Sticky Flame             Conj/Fire      0%         2d3       98%         4
 Lehudib's Crystal Spear  Conj/Erth      0%         10d2      100%        8


Dungeon Overview and Level Annotations

Branches:
Dungeon (6/15)             Temple (1/1) D:6

Altars:
Cheibriados
Dithmenos
Elyvilon
Fedhas
Hepliaklqana
Kikubaaqudgha
Makhleb
Nemelex Xobeh
Qazlal
Ru
Sif Muna
Trog
Uskayaw
Vehumet
Wu Jian
Xom
Yredelemnul
Zin
The Shining One

Shops:
D:2 [


Innate Abilities, Weirdness & Mutations

You are very small and have problems with some larger weapons.
You are too small for most types of armour.
You have supernaturally acute eyesight. (SInv)
You cover ground extremely quickly. (Speed+++)
You are partially covered in iridescent scales. (AC +2)
Potions are less effective at restoring your health.


Message History

The gnoll hits your ynoxinul with a +0 flail!
Unknown command.
Your ynoxinul completely misses the gnoll.
The black bear bites your ufetubus.
The black bear closely misses your ufetubus.
The black bear completely misses your ufetubus.
The gnoll barely misses your ynoxinul.
Your ynoxinul hits the gnoll but does no damage.
The black bear barely misses your ufetubus. x2
The black bear claws your ufetubus.
Your ufetubus dies!
Your ufetubus disappears in a puff of smoke!
The gnoll hits your ynoxinul with a +0 flail!
A demon appears!
Your ynoxinul hits the gnoll.
The gnoll hits your ynoxinul with a +0 flail.
Okay, then.
You hit the black bear but do no damage.
Your ynoxinul hits the gnoll. The black bear barely misses you.
The black bear completely misses you.
The black bear claws you but does no damage.
The gnoll hits your ynoxinul with a +0 flail.
Your ynoxinul dies!
Your ynoxinul disappears in a puff of smoke!
You hit the black bear.
The black bear is lightly wounded.
Your hellwing hits the black bear.
Your hellwing closely misses the black bear.
The black bear misses you.
The black bear claws you but does no damage.
The black bear closely misses you.
Aiming: Minor Destruction (2% risk of failure)
Press: ? - help, Shift-Dir - straight line, f - gnoll, p - black bear
Aim: a gnoll, wielding a +0 flail (almost dead, haloed)
The stone arrow hits the gnoll.
You kill the gnoll!
Makhleb accepts your kill.
Your hellwing hits the black bear.
Your hellwing barely misses the black bear.
The black bear bites you!
You die...

......#......#
......###.####
####### #.# )...#
#.# ###g#####'##
##....##...#
.#...[)g...#
.#....##..)#########
.#....##......g)@h4#
..........########.#
##........# .#
###......# ..
#.....## ... #...#..
...# .....##.# ...#
#.### +#.#


You could see a black bear (ally target), a gnoll and a friendly hellwing
(summoned).

Vanquished Creatures
  A gnoll sergeant (D:5)
  A crimson imp (D:3)
  A gnoll bouda (D:5)
  2 jellies
  8 gnolls
  4 adders
  3 worms
  2 dart slugs (D:2)
  An orc (D:3)
  6 ball pythons
  3 endoplasms
  3 giant cockroaches
  11 goblins
  5 hobgoblins
  3 jackals (D:4)
  3 kobolds
  5 quokkas
  2 bats (D:3)
  4 frilled lizards
  A goblin skeleton (D:3)
  3 goblin zombies (D:3)
  4 hobgoblin zombies (D:3)
  A kobold skeleton (D:3)
  5 rats
82 creatures vanquished.

Notes
Turn   | Place    | Note
-------+----------+-------------------------------------------
     0 | D:1      | Bravepunisher the Spriggan Monk began the quest for the
                  | Orb.
     0 | D:1      | Reached XP level 1. HP: 11/11 MP: 2/2
    68 | D:2      | Found Mimoepeb's Armour Emporium.
   146 | D:2      | You fall into a shaft and drop 1 floor!
   231 | D:5      | Entered Level 5 of the Dungeon
   265 | D:6      | Noticed a howler monkey
   272 | D:6      | Found a staircase to the Ecumenical Temple.
   279 | Temple   | Entered the Ecumenical Temple
   288 | Temple   | Became a worshipper of Makhleb the Destroyer
   288 | Temple   | Reached * piety under Makhleb
   288 | Temple   | Reached ** piety under Makhleb
   456 | D:3      | Reached XP level 2. HP: 12/16 MP: 3/3
   709 | D:3      | Found a blossoming altar of Fedhas.
   712 | D:3      | Found a radiant altar of Vehumet.
   716 | D:3      | Reached skill level 1 in Invocations
   721 | D:3      | Found a basalt altar of Yredelemnul.
   724 | D:3      | Found a snail-covered altar of Cheibriados.
   766 | D:2      | Reached XP level 3. HP: 18/19 MP: 4/4
   778 | D:2      | Reached skill level 5 in Dodging
  1335 | D:2      | Reached XP level 4. HP: 22/23 MP: 6/6
  1422 | D:2      | Reached *** piety under Makhleb
  1980 | D:3      | Reached XP level 5. HP: 24/28 MP: 7/7
  2114 | D:3      | Reached skill level 6 in Dodging
  2180 | D:3      | Found a glowing golden altar of the Shining One.
  2974 | D:5      | Reached XP level 6. HP: 16/32 MP: 9/9
  3126 | D:5      | Reached skill level 7 in Dodging
  3127 | D:5      | Gained mutation: Potions are less effective at restoring
                  | your health. [potion of mutation]
  3127 | D:5      | Gained mutation: You are partially covered in iridescent
                  | scales. (AC +2) [potion of mutation]
  3136 | D:5      | Slain by a black bear

Illustrated notes

Levels and vault maps discovered:
D:1:      eino_arrival_cavern_c, layout_rooms
D:2:      layout_basic, serial_shops, shop, minmay_split_cup_small
D:3:      layout_loops_ring, grunt_temple_overflow_cloverleaf,
          nicolae_tso_besieged_by_evil
D:4:      layout_basic
D:5:      layout_basic, uniq_ijyb, uniq_sigmund
D:6:      layout_loops_corners, ashenzari_conservatory_becter,
          minmay_temple_entry_enclosed_plants
Temple:   nicolae_temple_two_arcs

Skill      XL: |  1  2  3  4  5  6 |
---------------+-------------------+-----
Invocations    | 1 2 3 |  3.8
Dodging        | 5 6 7 |  7.0
Fighting       | 3 |  3.4
Short Blades   | |  3.2

Action                     |  1- 3 |  4- 6 || total
---------------------------+-------+-------++-------
  Melee: Short sword       |    17 |    21 ||    38
 Invoke: Minor Destruction |    46 |   120 ||   166
         Lesser Servant of |       |     2 ||     2
    Use: Scroll            |       |     1 ||     1
         Potion            |       |     1 ||     1
 Armour: Robe              |     4 |    14 ||    18
  Dodge: Dodged            |    28 |    38 ||    66

Table legend: (Time is in decaauts)
 A = Elapsed time spent in this place.
 B = Non-inter-level travel time spent in this place.
 C = Inter-level travel time spent in this place.
 D = Time resting spent in this place.
 E = Time spent auto-exploring this place.
 F = Levels seen in this place.
 G = Mean time per level.
                   A        B        C        D        E       F      G
               +--------+--------+--------+--------+--------+-----+--------+
         Total |   2140 |   2028 |    112 |      0 |   1438 |   7 |  305.7 |
       Dungeon |   2128 |   2020 |    108 |      0 |   1438 |   6 |  354.7 |
        Temple |     12 |      8 |      4 |      0 |      0 |   1 |   12.0 |
               +--------+--------+--------+--------+--------+-----+--------+

Top non-repeatable levels by time:
     D:3: 608 daAuts
     D:4: 514 daAuts
     D:2: 435 daAuts
     D:1: 339 daAuts
     D:5: 200 daAuts
     D:6: 30 daAuts
  Temple: 12 daAuts
